 Dungeon Crawl Stone Soup version 0.30-a0-23-ge60ba3568b (webtiles) character file.

Game seed: 12626919387219698602

233 Pilot the Ducker (level 5, -2/54 HPs)
             Began as a Troll Fighter on Aug 24, 2022.
             Slain by an iguana (13 damage)
             ... on level 4 of the Dungeon.
             The game lasted 00:21:08 (2172 turns).

Pilot the Ducker (Troll Fighter)                    Turns: 2172, Time: 00:21:09

Health: -2/54      AC:  4    Str: 24    XL:     5   Next: 74%
Magic:  4/4        EV:  9    Int:  4    God:
Gold:   116        SH:  7    Dex: 11    Spells: 4/4 levels left

rFire   . . .      SeeInvis .    D - +5 dagger (pain)
rCold   . . .      Faith    .    c - +0 kite shield
rNeg    . . .      Spirit   .    b - +0 robe
rPois   .          Reflect  .    (helmet restricted)
rElec   .          Harm     .    (no cloak)
rCorr   .          Rampage  .    (gloves unavailable)
Will    +....                    (boots unavailable)
Stlth   +.........               q - amulet of regeneration
HPRegen 1.78/turn                l - ring of willpower
MPRegen 0.09/turn                m - ring of flight

@: flying
A: large, unfitting armour, claws 3, regeneration 1, shaggy fur 1, tough skin 1
a: no special abilities


You were on level 4 of the Dungeon.
You visited 1 branch of the dungeon, and saw 4 of its levels.

You collected 116 gold pieces.

Inventory:

Hand Weapons
 a - a +0 flail
 y - a +0 morningstar
 D - a +5 dagger of pain (weapon)
Missiles
 j - 25 stones (quivered)
Armour
 b - a +0 robe (worn)
 c - a +0 kite shield (worn)
 w - the +0 scale mail of Zabaxzuwn {-Tele Int+5}
   (You found it on level 2 of the Dungeon)

   Int:       It affects your intelligence (+5).
   -Tele:     It prevents most forms of teleportation.
Jewellery
 l - a ring of willpower (left claw)
 m - a ring of flight (right claw)
 q - an amulet of regeneration (around neck)
 u - a ring of protection from fire
 A - a ring of protection from fire
 G - the ring "Qotigaf" {*Slow MP+9 Str+4 Int+3}
   (You found it on level 4 of the Dungeon)

   [ring of magical power]

   Str:       It affects your strength (+4).
   Int:       It affects your intelligence (+3).
   MP:        It affects your magic capacity (+9).
   *Slow:     It may slow you when you take damage.
Wands
 E - a wand of polymorph (9)
Scrolls
 e - a scroll of poison {unknown}
 h - 4 scrolls of teleportation {unknown}
 s - a scroll of noise {unknown}
 t - 3 scrolls of identify {unknown}
 v - a scroll of immolation {unknown}
 x - a scroll of magic mapping {unknown}
 z - a scroll of enchant weapon {unknown}
 B - a scroll of vulnerability {unknown}
Potions
 d - a potion of might
 f - a potion of magic {unknown}
 g - 3 potions of attraction {unknown}
 i - a potion of heal wounds {unknown}
 n - 3 potions of lignification {unknown}
 o - 2 potions of mutation {unknown}
 p - 3 potions of berserk rage {unknown}
 r - a potion of resistance {unknown}
 C - a potion of invisibility {unknown}
 F - a potion of haste {unknown}


   Skills:
 * Level 4.0 Fighting
 - Level 1.9 Maces & Flails
 * Level 4.1 Dodging
 - Level 2.9 Shields


You had 4 spell levels left.
You didn't know any spells.
Your spell library contained the following spells:

 Spells                   Type           Power      Damage    Failure   Level
 Sting                    Tmut/Pois      0%         1d3       80%         1
 Blink                    Tloc           0%         N/A       91%         2
 Poisonous Vapours        Pois/Air       0%         N/A       91%         2
 Lesser Beckoning         Tloc           0%         N/A       99%         3
 Olgreb's Toxic Radiance  Pois           0%         N/A       100%        4
 Manifold Assault         Tloc           0%         N/A       100%        5
 Conjure Ball Lightning   Conj/Air       0%         3x3d6     100%        6
 Discord                  Hex            0%         N/A       100%        8
 Disjunction              Tloc           0%         N/A       100%        8


Dungeon Overview and Level Annotations

Branches:
Dungeon (4/15)
 Temple: D:4-7

Altars:
Ashenzari
Dithmenos
Okawaru
Yredelemnul

Shops:
D:4 (


Innate Abilities, Weirdness & Mutations

You are too large for most types of armour.
You have claws for hands.
Your natural rate of healing is unusually fast.
You are covered in fur. (AC +1)
You have tough skin. (AC +1)


Message History

The goblin hits you but does no damage.
You barely miss the goblin. The goblin barely misses you.
You puncture the goblin!
You kill the goblin!
You puncture the hound!
The hound is heavily wounded.
A hound comes into view.
The hound barely misses you.
The kobold zaps a wand.
The puff of flame hits you.
The hound barks!
You hit the hound.
The hound is almost dead.
You block the hound's attack. The hound bites you but does no damage.
You hit the hound but do no damage.
The hound is almost dead.
You block the hound's attack. The iguana bites you! The hound bites you.
You puncture the hound!
You kill the hound!
The kobold closely misses you. The iguana barely misses you.
Your Fighting skill increases to level 4!
You barely miss the iguana. The hound bites you but does no damage.
The iguana bites you! The kobold closely misses you.
You hit the iguana but do no damage. The hound bites you.
You block the iguana's attack. The kobold hits you. The hound bites you.
You hit the iguana.
The iguana is lightly wounded.
The hound bites you but does no damage. The iguana bites you!
The kobold hits you but does no damage. The hound bites you.
The iguana attacks as you move away! The iguana bites you!
* * * LOW HITPOINT WARNING * * *
You feel better. The hound bites you.
* * * LOW HITPOINT WARNING * * *
The iguana bites you.
* * * LOW HITPOINT WARNING * * *
You block the kobold's attack. You block the hound's attack.
The kobold zaps a wand.
The puff of flame hits you.
* * * LOW HITPOINT WARNING * * *
The iguana barely misses you.
You feel better. The hound barely misses you. The iguana bites you!
You die...

.......#........ #.#.#..#
................ #.#<...#
................ #.#.#.###
.............. #.#.#....
.#.......... #.#...###
.......)..# #.###.# # ..........#
#.# #.# # ......#.lh# #.# #.# #
.##+#...K@# #.# #.# # ..........#
#.# #.# # .[.........## #.###.# #
............# #.#...# #
...........# #.#.#####
##.##......#######.#.#.... .....#
#...............##.#.#.###
.....###........##.###.##.#.#.###
.......∩........##.#......#.#....


You could see an iguana, a hound and a kobold.

Vanquished Creatures
  A scorpion (D:4)
  A hound (D:4)
  Robin (D:3)
  4 adders (D:2)
  2 worms
  2 dart slugs
  2 orcs
  6 ball pythons
  6 endoplasms
  A giant cockroach (D:1)
  13 goblins
  6 hobgoblins
  3 quokkas (D:2)
  6 bats
  11 frilled lizards
  8 kobolds
  15 rats
88 creatures vanquished.

Notes
Turn   | Place    | Note
-------+----------+-------------------------------------------
     0 | D:1      | Pilot the Troll Fighter began the quest for the Orb.
     0 | D:1      | Reached XP level 1. HP: 22/22 MP: 0/0
    91 | D:1      | Reached XP level 2. HP: 29/29 MP: 1/1
   382 | D:1      | Reached XP level 3. HP: 36/36 MP: 2/2
   677 | D:2      | Reached XP level 4. HP: 45/45 MP: 3/3
   741 | D:2      | Found an iron altar of Okawaru.
   889 | D:2      | Identified the +0 scale mail of Zabaxzuwn {-Tele Int+5}
  1332 | D:3      | Noticed Robin
  1385 | D:3      | Killed Robin
  1570 | D:3      | Reached XP level 5. HP: 53/53 MP: 4/4
  1656 | D:3      | Found a shadowy altar of Dithmenos.
  1905 | D:4      | Found a broken altar of Ashenzari.
  1914 | D:4      | Found Kinuff's Antique Weapon Shoppe.
  1916 | D:4      | Found a basalt altar of Yredelemnul.
  1952 | D:4      | Identified the ring "Qotigaf" {*Slow MP+9 Str+4 Int+3}
  2172 | D:4      | Slain by an iguana

Illustrated notes

Levels and vault maps discovered:
D:1:      wander_arrival_lonely_grave, layout_rooms, minmay_3d_cube
D:2:      layout_rooms, basic_altar, wander_ebering_terrifying_dragon_lair
D:3:      layout_basic, marbit_many_paths, uniq_robin
D:4:      layout_basic, nicolae_overflow_hidden_temple,
          mainiacjoe_overflow_catch_the_wave, vehumet_altar_wand_db,
          lightli_sewer_entry_pipes, serial_shops, shop, sigmund_army

Skill      XL: |  1  2  3  4  5 |
---------------+----------------+-----
Fighting       | 3 4 |  4.0
Dodging        | 3 4 |  4.1
Maces & Flails | |  1.9
Shields        | |  2.9

Action                   |  1- 3 |  4- 6 || total
-------------------------+-------+-------++-------
Melee: Flail             |   148 |    55 ||   203
       Morningstar       |       |    77 ||    77
       Dagger            |       |    28 ||    28
Throw: Stone             |       |     3 ||     3
  Use: Potion            |     1 |     2 ||     3
Armor: Robe              |    82 |    46 ||   128
Dodge: Dodged            |    66 |    73 ||   139
Block: Kite shield       |    71 |    81 ||   152

Table legend: (Time is in decaauts)
 A = Elapsed time spent in this place.
 B = Non-inter-level travel time spent in this place.
 C = Inter-level travel time spent in this place.
 D = Time resting spent in this place.
 E = Time spent auto-exploring this place.
 F = Levels seen in this place.
 G = Mean time per level.
                   A        B        C        D        E       F      G
               +--------+--------+--------+--------+--------+-----+--------+
         Total |   2305 |    794 |   1511 |      0 |      0 |   4 |  576.2 |
       Dungeon |   2305 |    794 |   1511 |      0 |      0 |   4 |  576.2 |
               +--------+--------+--------+--------+--------+-----+--------+

Top non-repeatable levels by time:
     D:3: 786 daAuts
     D:1: 651 daAuts
     D:2: 585 daAuts
     D:4: 282 daAuts
